[Event "Live Chess"]
[Site "Chess.com"]
[Date "2023.05.21"]
[Round "-"]
[White "gmnorfolk"]
[Black "educatedlad"]
[Result "1-0"]
[WhiteElo "2125"]
[BlackElo "1616"]
[TimeControl "300"]
[EndTime "16:37:30 PDT"]
[Termination "gmnorfolk won by resignation"]

1. d4 d5 2. c4 c6 3. cxd5 cxd5 4. Nc3 Nf6 5. Nf3 g6 6. Bf4 Bg7 7. e3 O-O 8. Be2 Nc6 9. O-O Nh5 10. Bg3 Nxg3 11.
hxg3 Qb6 12. b3 Bg4 13. Nxd5 Qd8 14. Nc3 Re8 15. Rc1 Bxf3 16. Bxf3 Rc8 17. Bxc6 Rxc6 18. Na4 Ra6 19. Qe2 e5 20. Nc5 Rc6 21. dxe5 Rxe5 22. Nxb7 Qb6 23. Rxc6 Qxc6 24. Nd8 Qe8 25. Rd1 Bf6 26.
Nb7 Kg7 27. Nd6 Qe6 28. Qd3 Be7 29. Nc4 Rh5 30. Qd4+ Bf6 31. Qxa7 Qe4 32. Qd7 Qc2 33. Qd2 Qf5 34. f3 Qg5 35. g4 Rh6 36. Qf2 Qb5 37.
e4 Bh4 38. Qd4+ Bf6 39. e5 Bh4 40. e6+ Bf6 41. Qb6 Qxb6+ 42. Nxb6 fxe6 43. Nc4 e5 44. Nd6 g5 45. Ne4 Rg6 46. Rd6 Be7 47. Rxg6+ hxg6 48. a4 Kf7 49. Kf2 Bd8 50. Ke3 Bb6+ 51. Kd3 Ke6 52.
Kc4 Bd8 53. Kb5 Kd7 54. b4 Kc7 55. Kc4 Kb6 56. a5+ Ka6 57. Kd5 Kb5 58. Kxe5 Kxb4 59. a6 Bc7+ 60. Kf6 Bb6 61. Kxg5 Ka5 62. Kxg6 Kxa6 63. f4 1-0

[Event "Live Chess"]
[Site "Chess.com"]
[Date "2023.05.21"]
[Round "-"]
[White "KeithArkell"]
[Black "Olisingapore"]
[Result "1-0"]
[WhiteElo "2612"]
[BlackElo "1824"]
[TimeControl "300"]
[EndTime "16:38:00 PDT"]
[Termination "KeithArkell won by resignation"]

1. d4 Nf6 2. Nf3 d5 3. c4 c5 4. cxd5 Nxd5 5. Nc3 Nxc3 6. bxc3 cxd4 7. cxd4 e6 8. e3 Bb4+ 9. Bd2 Qa5 10. Bxb4 Qxb4+ 11. Qd2 Qxd2+ 12. Kxd2 O-O 13. Bd3 Nc6 14. Rab1 Bd7 15.
Rxb7 Rfd8 16. Rc1 Na5 17. Rbc7 Rab8 18. Rxa7 Rb2+ 19. Rc2 Rxc2+ 20. Kxc2 Rc8+ 21. Kd2 Nc6 22. Rxd7 Nb4 23. a3 Nd5 24. Ne5 Nf6 25. Ra7 Rb8 26. Nc6 Rc8 27. Ne7+ 1-0

[Event "Live Chess"]
[Site "Chess.com"]
[Date "2023.05.21"]
[Round "-"]
[White "domrobson"]
[Black "Doge_Dandolo"]
[Result "1-0"]
[WhiteElo "1784"]
[BlackElo "1996"]
[TimeControl "300"]
[EndTime "16:38:06 PDT"]
[Termination "domrobson won by resignation"]

1. d4 d5 2. c4 c6 3. Nf3 Nf6 4. Nc3 a6 5. Bg5 Ne4 6. Nxe4 dxe4 7. Nd2 Bf5 8. e3 Qb6 9. Rb1 Nd7 10. g4 Bg6 11. Bg2 h6 12. Bf4 e5 13. dxe5 Bb4 14.
O-O Rd8 15. Nxe4 O-O 16. Qb3 Rfe8 17. a3 Bc5 18. Nxc5 Qxc5 19. Rbd1 b5 20. cxb5 cxb5 21.
Rd5 Qc6 22. Rfd1 Bc2 23. Rxd7 Rxd7 24. Rxd7 Qxg2+ 25. Kxg2 Bxb3 26. Ra7 Bd5+ 27. f3 Ra8 28. Rxa8+ Bxa8 29. b4 g6 30. e4 h5 31. gxh5 gxh5 32.
Kg3 Kg7 33. Kh4 Kg6 34. Be3 Bc6 35. Kg3 Bd7 36. f4 f6 37. f5+ Kf7 38. e6+ Bxe6 39.
fxe6+ Kxe6 40. Kf4 1-0

[Event "Live Chess"]
[Site "Chess.com"]
[Date "2023.05.21"]
[Round "-"]
[White "SupremeTactician"]
[Black "Biranidun"]
[Result "1-0"]
[WhiteElo "2337"]
[BlackElo "2654"]
[TimeControl "300"]
[EndTime "16:38:08 PDT"]
[Termination "SupremeTactician won on time"]

1. e4 c5 2. Nf3 d6 3. d4 cxd4 4. Nxd4 Nf6 5. f3 e5 6. Nb3 d5 7.
Bg5 d4 8. c3 Nc6 9. Bb5 h6 10.
Bxf6 Qxf6 11. Bxc6+ bxc6 12. cxd4 Bb4+ 13. Nc3 Ba6 14.
a3 Bd6 15. d5 Qg5 16. Qd2 Rb8 17. dxc6 Rxb3 18. Qxd6 Rxb2 19. f4 exf4 20. O-O-O Rb3 21.
Qd7+ Kf8 22. Qd8+ Qxd8 23. Rxd8+ Ke7 24. Rxh8 Rxc3+ 25. Kb2 Rxc6 26. Rd1 Rb6+ 27. Kc3 Rc6+ 28. Kb4 Rc4+ 29. Ka5 Bb7 30. Rhd8 Bc6 31. R8d4 Rc3 32. Kb4 Re3 33. R1d3 Re2 34. Rd2 Re1 35. Kc5 Bxe4 36. Rd7+ Ke6 37. R2d6+ Kf5 38. Rxf7+ Kg5 39. Rxg7+ Kh5 40.
Rxa7 Rc1+ 41. Kd4 Bxg2 42. Ra5+ Kg4 43. Rxh6 Rd1+ 44. Ke5 Re1+ 45. Kd4 Rd1+ 46. Kc3 Kf3 47. Re5 Ra1 48. Kb3 Bf1 49. a4 Rb1+ 50. Kc3 Ra1 51.
a5 Be2 52. Rf6 Ra3+ 53. Kb4 Ra1 54. a6 Bxa6 55. Ref5 Ke3 56. Rxf4 Be2 57. R4f5 Rb1+ 58. Kc3 Rc1+ 59. Kb4 Rb1+ 60. Kc5 Rc1+ 61. Kd6 Rb1 62. Re5+ Kd2 63. Rfe6 Rb6+ 64. Ke7 Rb7+ 65. Kf6 Bd3 66. Rd6 Kc3 67. Rc5+ Bc4 68. Rdc6 Rb4 69. Rxc4+ Rxc4 70. Rxc4+ Kxc4 71. h4 Kd5 72. h5 Kd6 73. h6 Kd7 74. h7 Ke8 75. h8=Q+ 1-0

[Event "Live Chess"]
[Site "Chess.com"]
[Date "2023.05.21"]
[Round "-"]
[White "Hussamalhaidar"]
[Black "Tushinskiy"]
[Result "0-1"]
[WhiteElo "1039"]
[BlackElo "2174"]
[TimeControl "300"]
[EndTime "16:38:13 PDT"]
[Termination "Tushinskiy won on time"]

1. b3 d5 2. Bb2 c6 3. e3 Nf6 4. Nf3 Bf5 5. d3 Nbd7 6. Be2 Bg6 7. Nbd2 Qc7 8. c4 e6 9. cxd5 exd5 10. Qc2 Bd6 11. O-O-O a5 12. a4 Qb8 13. Kb1 O-O 14.
h4 h5 15. Ng5 b5 16. f4 bxa4 17. bxa4 Qa7 18. Qxc6 Bb4 19. Bd4 Qb8 20. Bb2 Rc8 21. Qb5 Qa7 22. Rh3 Rab8 23. Bd4 Bc5 24. Bxc5 Nxc5 25. Qxb8 Rxb8+ 26. Ka2 Bxd3 27. Bxd3 Nxd3 28. e4 Nb4+ 29. Ka1 Qd4+ 30. Rc3 Qxc3+ 0-1

[Event "Live Chess"]
[Site "Chess.com"]
[Date "2023.05.21"]
[Round "-"]
[White "LutherSullivan"]
[Black "chessfiction"]
[Result "1-0"]
[WhiteElo "2114"]
[BlackElo "2331"]
[TimeControl "300"]
[EndTime "16:38:19 PDT"]
[Termination "LutherSullivan won by checkmate"]

1. e4 e6 2. d4 d5 3. e5 c5 4. c3 Nc6 5. Nf3 Qb6 6. Be2 Bd7 7. O-O Nh6 8. Bxh6 gxh6 9. Qd2 Rg8 10. Na3 c4 11.
Nc2 Be7 12. Rfb1 Rg6 13. b3 cxb3 14. axb3 O-O-O 15. b4 Rdg8 16. g3 h5 17. b5 Na5 18.
Ne3 h4 19. c4 Nxc4 20. Bxc4 dxc4 21. Nxc4 Qc7 22. b6 Qxc4 23. Rc1 Qc6 24. bxa7 Kc7 25.
Rxc6+ Bxc6 26. d5 Bxd5 27. Qc3+ Kd7 28. a8=Q Rxa8 29. Rxa8 Rg4 30. Qc8# 1-0

[Event "Live Chess"]
[Site "Chess.com"]
[Date "2023.05.21"]
[Round "-"]
[White "JoeyCage"]
[Black "laminaaprod"]
[Result "1-0"]
[WhiteElo "2303"]
[BlackElo "2230"]
[TimeControl "300"]
[EndTime "16:38:29 PDT"]
[Termination "JoeyCage won by resignation"]

1. e4 e5 2. Nf3 Nc6 3. Bb5 Nf6 4. O-O Be7 5. Re1 d6 6. c3 O-O 7. h3 a6 8. Ba4 b5 9. Bc2 Na5 10. d4 exd4 11. cxd4 Bb7 12. Nbd2 Re8 13. Nf1 c5 14. Ng3 cxd4 15. Nxd4 Nc6 16. Nxc6 Bxc6 17. Be3 Rc8 18. Bd4 Bd7 19. Qd2 Be6 20. b3 d5 21. e5 Nd7 22.
f4 Bc5 23. Rac1 Bxd4+ 24. Qxd4 Qb6 25. Qxb6 Nxb6 26. f5 Bd7 27. Kf2 Bc6 28. Kf3 d4+ 29. Be4 Bxe4+ 30. Kxe4 Rcd8 31. Red1 Rd5 32. Rxd4 Rdxe5+ 33. Kf3 Re3+ 34. Kf2 f6 35. Rc7 R3e7 36. Rc6 Rb7 37.
Rdd6 Reb8 38. Ne4 Nd7 39. Rxa6 Ne5 40. Nc5 Rc7 41. Ne6 Rc2+ 42. Kg1 Rbc8 43. Ra7 Rc1+ 44. Kh2 1-0

[Event "Live Chess"]
[Site "Chess.com"]
[Date "2023.05.21"]
[Round "-"]
[White "HD_IN4k"]
[Black "Jo1ts"]
[Result "0-1"]
[WhiteElo "388"]
[BlackElo "793"]
[TimeControl "300"]
[EndTime "16:38:38 PDT"]
[Termination "Jo1ts won by resignation"]

1. d4 d5 2. c4 e6 3. Nc3 Nf6 4. Nf3 Nc6 5. cxd5 exd5 6. e3 Bb4 7. Bb5 Bd7 8. Ne5 Qe7 9. Nxc6 Bxc6 10. Bxc6+ bxc6 11. a3 Bxc3+ 12. bxc3 O-O 13. Rb1 Ne4 14. f3 Nxc3 15. Qc2 Nxb1 16. Qxb1 c5 17. dxc5 Qxc5 18. e4 dxe4 19. Qb4 Qxc1+ 20. Kf2 Qxh1 21. fxe4 Qxh2 22. e5 Qxe5 23. g4 Rfe8 24. g5 Qxg5 25. Qb7 Qe3+ 26. Kg2 Qe4+ 27. Kf2 Qxb7 0-1

[Event "Live Chess"]
[Site "Chess.com"]
[Date "2023.05.21"]
[Round "-"]
[White "Fazer180"]
[Black "jimwad"]
[Result "1-0"]
[WhiteElo "1761"]
[BlackElo "1214"]
[TimeControl "300"]
[EndTime "16:38:49 PDT"]
[Termination "Fazer180 won by resignation"]

1. e4 e5 2. Nf3 Nc6 3. d4 exd4 4. Nxd4 Nxd4 5. Qxd4 b6 6. Nc3 Bc5 7. Qxg7 Qf6 8.
Qxf6 Nxf6 9. Nb5 Kd8 10. Bg5 Be7 11. Bd3 Rg8 12. h4 Bb7 13. O-O-O a6 14. Nd4 Nxe4 15.
Bxe7+ Kxe7 16. Rhe1 d5 17. f3 f5 18. fxe4 fxe4 19.
Bf1 Kd6 20. Nf5+ Kc5 21. g3 Raf8 22. Bh3 b5 23. Nd4 Kb6 24. Rg1 c5 25. Ne2 d4 26.
Nf4 e3 27. c3 Bf3 28. Rde1 Re8 29. Bf5 Be4 30. Bxe4 Rxe4 31. cxd4 cxd4 32. Nd3 Rc8+ 33. Kd1 a5 34. Re2 a4 35. Rc2 Rxc2 36. Kxc2 e2 37.
Kd2 Ka5 38. Re1 b4 39. Rxe2 Rxe2+ 40. Kxe2 b3 41. axb3 axb3 42. Nc1 Kb4 43. Kd3 Kc5 44.
Nxb3+ Kd5 45. Nxd4 h5 46. b4 1-0

[Event "Live Chess"]
[Site "Chess.com"]
[Date "2023.05.21"]
[Round "-"]
[White "mikkyb4"]
[Black "CheckThis4"]
[Result "0-1"]
[WhiteElo "1017"]
[BlackElo "2541"]
[TimeControl "300"]
[EndTime "16:38:58 PDT"]
[Termination "CheckThis4 won by checkmate"]

1. e4 d5 2. exd5 Nf6 3. c4 e6 4. Nc3 exd5 5. Qe2+ Be7 6. cxd5 O-O 7. Nf3 Re8 8. Qd3 Na6 9. Be2 Nb4 10. Qb1 Nfxd5 11. O-O Nf4 12. Bc4 Nbd3 13. Ne1 Bf5 14. Nd5 Bg6 15.
Nxf4 Nxf4 16. d3 Ne2+ 17. Kh1 Bd6 18. g3 Bb4 19. Ng2 c6 20. Nf4 b5 21. Nxg6 bxc4 22. Nf4 Nxf4 23. Bxf4 cxd3 24. Rd1 Qd5+ 25. Kg1 Rad8 26.
a3 Bc5 27. b4 Bxf2+ 28. Kxf2 Re2+ 29. Kf1 Qh1# 0-1

[Event "Live Chess"]
[Site "Chess.com"]
[Date "2023.05.21"]
[Round "-"]
[White "Long1968"]
[Black "KGreenGator"]
[Result "0-1"]
[WhiteElo "1182"]
[BlackElo "1769"]
[TimeControl "300"]
[EndTime "16:38:58 PDT"]
[Termination "KGreenGator won on time"]

1. e4 c5 2. c3 Nc6 3. d4 cxd4 4. cxd4 d5 5. exd5 Qxd5 6. Nf3 Nf6 7. Nc3 Qd8 8. Be3 e6 9. Be2 a6 10. a4 h6 11. O-O Be7 12. Ne5 Nxe5 13. dxe5 Nd7 14. f4 O-O 15. Ne4 Qc7 16. Rc1 Qa5 17. Nd6 Bxd6 18.
Qxd6 b5 19. axb5 axb5 20. Rc7 Ra6 21. Bd2 Qa4 22. Qe7 Nb6 23. Bd1 Qa2 24. Bb4 Nd5 25. Qxf8+ Kh7 0-1

[Event "Live Chess"]
[Site "Chess.com"]
[Date "2023.05.21"]
[Round "-"]
[White "ClassyChameleon"]
[Black "wot-not"]
[Result "0-1"]
[WhiteElo "1056"]
[BlackElo "1545"]
[TimeControl "300"]
[EndTime "16:39:36 PDT"]
[Termination "wot-not won by resignation"]

1. e4 e5 2. Nf3 d6 3. c3 f5 4.
d3 Nf6 5. Bg5 Be7 6. h4 h6 7.
Bxf6 Bxf6 8. exf5 Bxf5 9. d4 e4 10. Nh2 Bxh4 11. Bc4 d5 12. Bb3 O-O 13. O-O c6 14.
Ng4 Bxg4 15. Qxg4 Qg5 16. Qxg5 Bxg5 17. f3 exf3 18. Rxf3 Rxf3 19. gxf3 Nd7 20. Kf2 Rf8 21. Bd1 Nb6 22. Na3 Re8 23. Nc2 Nc4 24. Kg3 b6 25.
Rb1 Rf8 26. Nb4 c5 27. Nxd5 cxd4 28. cxd4 Ne3 29. Nxe3 Bxe3 30. d5 Bf4+ 31. Kf2 g5 32. Bb3 Kg7 33. Re1 Kf6 34. Re6+ Kf5 35. d6 Rc8 36. d7 Rd8 37. Re7 Kf6 38. Rf7+ Kg6 39.
Re7 h5 40. Ba4 h4 41. Re8 Bc7 42. Bc6 a6 43. Kg2 b5 44. Kh3 b4 45. Kg4 a5 46.
Be4+ Kf6 47. Rf8+ Ke7 48. Rxd8 Bxd8 49. Bf5 Kd6 50. b3 Ke5 51. Be4 Kd4 52. Kf5 h3 53. Bc6 h2 54. f4 gxf4 55. Kxf4 Kc3 56. Kf5 Kb2 57. Ke6 Kxa2 58. Kf7 Kxb3 59. Ke8 Bh4 60.
d8=Q Bxd8 61. Kxd8 a4 62. Bxa4+ Kxa4 63. Kd7 b3 64.
Kd6 b2 65. Kd5 b1=Q 66. Kd4 h1=Q 67. Ke3 Qhc1+ 68. Kf3 Qbc2 0-1

[Event "Live Chess"]
[Site "Chess.com"]
[Date "2023.05.21"]
[Round "-"]
[White "jennybobby44"]
[Black "stevochess11"]
[Result "0-1"]
[WhiteElo "1835"]
[BlackElo "1766"]
[TimeControl "300"]
[EndTime "16:39:44 PDT"]
[Termination "stevochess11 won on time"]

1. Nf3 c5 2. e4 g6 3. d4 cxd4 4. Nxd4 Nc6 5. Nxc6 bxc6 6. g3 Bg7 7. Bg2 d6 8. O-O Nf6 9. Nc3 O-O 10. e5 dxe5 11.
Bxc6 Qxd1 12. Rxd1 Bg4 13. f3 Rac8 14. fxg4 Rxc6 15.
h3 e6 16. Be3 Nd5 17. Nxd5 exd5 18. c3 d4 19. cxd4 exd4 20. Bxd4 Bxd4+ 21. Rxd4 Rc2 22. Rf4 Re8 23. Rf2 Rc5 24. Raf1 Re3 25. Rxf7 Rxg3+ 26.
Kh2 Rd3 27. R1f2 Re5 28. Rxa7 Ree3 29. Kg2 Rg3+ 30. Kf1 Rxh3 31. Rb7 Rh1+ 32. Ke2 Rdd1 33. a4 Rhe1+ 34. Kf3 Rd3+ 35. Kg2 Rdd1 36. b4 Rg1+ 37. Kf3 Rd3+ 38. Ke2 Rgd1 39. b5 R1d2+ 40. Kf1 Rd1+ 41. Kg2 Rd4 42. Kg3 R1d3+ 43. Rf3 Rd1 44. a5 Rg1+ 45. Kf2 Rdxg4 46. a6 R1g2+ 47. Ke3 g5 48. a7 Ra2 49. Rb8+ Kg7 50. a8=Q Rxa8 51. Rxa8 Rb4 52. Ra5 h5 53. Rf5 Kg6 54. Rc5 h4 55. Rc6+ Kh5 56. b6 h3 57. Ra2 g4 58. Rc8 Kh4 59. Rh8+ Kg3 60. Rh6 Rb3+ 61. Ke4 Rb4+ 62. Kf5 Rb5+ 63. Ke4 Rb4+ 64.
Kd5 Rb5+ 65. Kc4 Rb1 66. Ra3+ Kg2 67. Rb3 Rc1+ 68. Kb4 g3 69. Rb2+ Kg1 70. b7 h2 71.
b8=Q g2 72. Qxh2+ Kf1 0-1

[Event "Live Chess"]
[Site "Chess.com"]
[Date "2023.05.21"]
[Round "-"]
[White "ShanthamGrarks"]
[Black "Missedidea"]
[Result "1-0"]
[WhiteElo "2026"]
[BlackElo "1815"]
[TimeControl "300"]
[EndTime "16:39:55 PDT"]
[Termination "ShanthamGrarks won by resignation"]

1. d4 Nf6 2. Nc3 c5 3. d5 d6 4.
e4 g6 5. f4 Bg7 6. Nf3 O-O 7.
Be2 a6 8. a4 Nbd7 9. O-O Re8 10. h3 Rb8 11. e5 dxe5 12. Nxe5 Nxe5 13. fxe5 Nd7 14. e6 fxe6 15. dxe6 Nf6 16. Bc4 Qd4+ 17. Kh1 Qxc4 18. Bg5 Bxe6 19. Bxf6 exf6 20. Re1 Bf7 21. Qf3 f5 22. Rad1 Bxc3 23. bxc3 Rxe1+ 24. Rxe1 Re8 25. Rxe8+ Bxe8 26. Qxb7 Qf1+ 27. Kh2 Qf4+ 28. Kg1 Qc1+ 29. Kh2 Qxc2 30. Qxa6 Qxc3 31. Qe6+ Bf7 32. Qc8+ Kg7 33.
Qc7 c4 34. a5 Qd4 35. a6 c3 36.
a7 c2 37. a8=Q Qb2 38. Qaa7 Qb3 39. Qd4+ Kh6 40. Qdf4+ Kg7 41. Qc1 g5 42. Q1xc2 1-0

[Event "Live Chess"]
[Site "Chess.com"]
[Date "2023.05.21"]
[Round "-"]
[White "AbilifyXL"]
[Black "luckywookie"]
[Result "1-0"]
[WhiteElo "1941"]
[BlackElo "767"]
[TimeControl "300"]
[EndTime "16:40:02 PDT"]
[Termination "AbilifyXL won by checkmate"]

1. d4 d5 2. c4 c6 3. Nc3 Nf6 4. cxd5 cxd5 5. Nf3 e6 6. Bg5 Nbd7 7. e3 Bb4 8. Bxf6 Nxf6 9. Qa4+ Bd7 10. Qxb4 Ne4 11. Nxe4 dxe4 12. Bb5 Rc8 13. Ne5 Bxb5 14. Qxb5+ Kf8 15.
O-O f6 16. Nd7+ Kf7 17. Nc5 Re8 18. Qxb7+ Kg8 19. Qxe4 Rc7 20. Nd3 Rc2 21. Rad1 Re7 22. Rc1 Rxc1 23. Rxc1 Rc7 24. Qxe6+ Kh8 25. Rxc7 h5 26.
Rc8 Qxc8 27. Qxc8+ Kh7 28. Qf5+ g6 29. Qxf6 Kh6 30.
Ne5 h4 31. Qxg6# 1-0

[Event "Live Chess"]
[Site "Chess.com"]
[Date "2023.05.21"]
[Round "-"]
[White "sebmoran1"]
[Black "mattihelenius2"]
[Result "1-0"]
[WhiteElo "1357"]
[BlackElo "489"]
[TimeControl "300"]
[EndTime "16:40:06 PDT"]
[Termination "sebmoran1 won by checkmate"]

1. e4 e5 2. Bc4 Nc6 3. Qf3 Qf6 4. Qb3 Nd4 5. Qd3 Bc5 6. c3 d6 7. cxd4 Bxd4 8. Nf3 Bg4 9. Nc3 Bxf3 10. Qxf3 Qxf3 11. gxf3 Nf6 12. Nb5 O-O 13. Nxd4 exd4 14. d3 Rae8 15.
Bg5 c6 16. Bxf6 d5 17. O-O-O dxc4 18. Bxd4 b6 19. Rdg1 c5 20. Rxg7+ Kh8 21. Rxf7+ Kg8 22. Rg7+ Kh8 23. Re7+ Kg8 24. Rg1# 1-0

[Event "Live Chess"]
[Site "Chess.com"]
[Date "2023.05.21"]
[Round "-"]
[White "LL220284LL"]
[Black "manthanit"]
[Result "1-0"]
[WhiteElo "2375"]
[BlackElo "1039"]
[TimeControl "300"]
[EndTime "16:40:10 PDT"]
[Termination "LL220284LL won by resignation"]

1. e3 e6 2. d4 d5 3. c4 c5 4.
Nf3 dxc4 5. Bxc4 cxd4 6. exd4 Bd7 7. O-O Nc6 8. Nc3 Bb4 9. a3 Bxc3 10. bxc3 Nf6 11. Bd3 Ne7 12. Re1 Ng6 13. Bb2 O-O 14.
c4 Bc6 15. Ne5 Nxe5 16. Rxe5 b5 17. d5 exd5 18. cxd5 Nxd5 19. Bxh7+ Kxh7 20. Rh5+ Kg8 21. Bxg7 Nf6 22. Bxf6 Qxf6 23. Qg4+ Qg6 24. Rg5 Qxg5 25.
Qxg5+ Kh7 26. Rc1 Rac8 27. Rc3 1-0

[Event "Live Chess"]
[Site "Chess.com"]
[Date "2023.05.21"]
[Round "-"]
[White "LiamClery2020"]
[Black "educatedlad"]
[Result "1-0"]
[WhiteElo "2062"]
[BlackElo "1615"]
[TimeControl "300"]
[EndTime "16:40:37 PDT"]
[Termination "LiamClery2020 won by resignation"]

1. e3 e6 2. d4 d5 3. Nf3 Nf6 4.
c4 Bb4+ 5. Nc3 O-O 6. Bd2 c5 7. Bd3 Nbd7 8. O-O Bxc3 9. Bxc3 Ne4 10. Qc2 f5 11. dxc5 Ndxc5 12. Rad1 Nxd3 13. Qxd3 b6 14. cxd5 exd5 15. Qxd5+ Qxd5 16. Rxd5 Be6 17. Re5 Bxa2 18.
Re7 Bf7 19. Bd4 g6 20. Rc1 Rac8 21. Rcc7 a5 22. Rxf7 Rxf7 23. Rxc8+ Rf8 24. Rxf8+ Kxf8 25. Bxb6 a4 26. Kf1 1-0

[Event "Live Chess"]
[Site "Chess.com"]
[Date "2023.05.21"]
[Round "-"]
[White "LodeshChess"]
[Black "DerbyKnight"]
[Result "0-1"]
[WhiteElo "1138"]
[BlackElo "1546"]
[TimeControl "300"]
[EndTime "16:40:46 PDT"]
[Termination "DerbyKnight won by resignation"]

1. e4 c6 2. Nf3 d5 3. d3 Bg4 4.
exd5 cxd5 5. Be2 Nc6 6. h3 Bh5 7. O-O Nf6 8. Ne5 Bxe2 9. Qxe2 Nxe5 10. Qxe5 e6 11. Bg5 Be7 12. Nd2 h6 13. Bxf6 Bxf6 14. Qg3 O-O 15. Rab1 Rc8 16. c3 Bh4 17. Qf4 Bg5 18. Qg4 Bxd2 19. Rbd1 Qg5 20. Qe2 Bf4 21.
d4 a6 22. a3 Bd6 23. b4 Rxc3 24. Rd3 Rfc8 25. Rg3 Bxg3 26. fxg3 0-1

[Event "Live Chess"]
[Site "Chess.com"]
[Date "2023.05.21"]
[Round "-"]
[White "CeladonFish"]
[Black "JoshMcK"]
[Result "0-1"]
[WhiteElo "1114"]
[BlackElo "1521"]
[TimeControl "300"]
[EndTime "16:41:10 PDT"]
[Termination "JoshMcK won by resignation"]

1. d4 d5 2. c4 e6 3. Nc3 Nf6 4. Bf4 a6 5. e3 Nbd7 6. Nf3 Be7 7. Be2 O-O 8. O-O Nh5 9. Be5 Nxe5 10. Nxe5 f6 11. Bxh5 fxe5 12. dxe5 dxc4 13. Qd4 b5 14. a4 Qxd4 15. exd4 Bb7 16. axb5 axb5 17. Nxb5 c5 18. dxc5 Bxc5 19. Be2 Rxa1 20. Rxa1 Bxf2+ 21. Kf1 Bh4+ 22. Kg1 Rf2 23. Bxc4 Rxg2+ 24. Kf1 Rf2+ 25.
Ke1 Rc2+ 26. Kd1 Rxc4 27. Nd6 Bf3+ 28. Kd2 Bg5+ 29. Kd3 Rc7 30. Ra8+ Bxa8 0-1

[Event "Live Chess"]
[Site "Chess.com"]
[Date "2023.05.21"]
[Round "-"]
[White "Brooms1989"]
[Black "xx_blindpuffin_xx"]
[Result "0-1"]
[WhiteElo "1106"]
[BlackElo "2197"]
[TimeControl "300"]
[EndTime "16:41:23 PDT"]
[Termination "xx_blindpuffin_xx won by resignation"]

1. e4 e6 2. d4 d6 3. Nc3 Nd7 4. Nf3 Ngf6 5. e5 dxe5 6. dxe5 Ng8 7. Bc4 Ne7 8. O-O Nc6 9. Re1 Be7 10. Bf4 O-O 11.
Bd3 Nc5 12. Qd2 Nxd3 13. cxd3 b6 14. d4 Bb7 15. h4 Nb4 16. a3 Nd5 17. Nxd5 Qxd5 18.
Bg5 Bxg5 19. hxg5 Rfd8 20. Rac1 c5 21. Re2 cxd4 22. Rc7 Rac8 23. Rxc8 Rxc8 24. Qc2 Rxc2 0-1

[Event "Live Chess"]
[Site "Chess.com"]
[Date "2023.05.21"]
[Round "-"]
[White "Shepherds_Pie"]
[Black "nigelst"]
[Result "1-0"]
[WhiteElo "1927"]
[BlackElo "1790"]
[TimeControl "300"]
[EndTime "16:41:26 PDT"]
[Termination "Shepherds_Pie won on time"]

1. c4 e5 2. Nc3 Nf6 3. Nf3 Nc6 4. d4 exd4 5. Nd5 Bc5 6. a3 a6 7. Bg5 O-O 8. Qc2 Be7 9. Nxe7+ Qxe7 10. g3 Qe4 11. Qxe4 Nxe4 12. Bf4 d6 13. Bg2 f5 14. O-O Be6 15. Rac1 Rae8 16. Rfd1 h6 17. h4 Kh7 18. Nxd4 Nxd4 19. Rxd4 Nc5 20. Rcd1 Nb3 21.
R4d3 Nc5 22. Rc3 Na4 23. Rc2 Nc5 24. b4 Ne4 25. Rd4 g5 26. hxg5 hxg5 27. Bc1 Kg6 28. Bb2 Nf6 29. Bxb7 c5 30. bxc5 dxc5 31. Rd6 a5 32. Rcd2 Ne4 33. Bxe4 fxe4 34. Ra6 Kf5 35. e3 Bxc4 36. Rxa5 Rc8 37. Rc2 Bd3 38. Rcxc5+ Kg4 39. Rxg5+ Kf3 40. Raf5+ Rxf5 41. Rxf5+ Kg4 42. Rf4+ Kg5 43. Kg2 Rc2 44. Bf6+ Kg6 45. Bd4 Rc1 46. g4 Bf1+ 47. Kg3 Bd3 48. Rf6+ Kh7 49. Kf4 Rf1 50. Kg5 Bc4 51. Rf8 Bg8 52. Rf6 Rh1 53. Ra6 Bd5 54. Ra7+ Kg8 55. Kf6 Rh6+ 56. Ke5 Ba2 57. g5 Rc6 58.
Kxe4 1-0

[Event "Live Chess"]
[Site "Chess.com"]
[Date "2023.05.21"]
[Round "-"]
[White "Singapourfeuj"]
[Black "EdenHazard8"]
[Result "1-0"]
[WhiteElo "2207"]
[BlackElo "1990"]
[TimeControl "300"]
[EndTime "16:41:28 PDT"]
[Termination "Singapourfeuj won by resignation"]

1. d4 Nf6 2. Nf3 d6 3. g3 g6 4.
Bg2 Bg7 5. O-O O-O 6. Re1 Nbd7 7. e4 e5 8. a4 a5 9. h3 exd4 10. Nxd4 Re8 11. Nc3 Nc5 12. Bg5 h6 13. Bf4 Nfd7 14. Kh2 Ne5 15. Nd5 Nc6 16. c3 Ne5 17. Bxe5 dxe5 18.
Nb5 Na6 19. Ndxc7 Nxc7 20. Qxd8 Rxd8 21. Nxc7 Rb8 22. Nd5 Be6 23. Red1 f5 24. exf5 gxf5 25. b4 e4 26. Nf4 Bf7 27. bxa5 Bxc3 28. Rxd8+ Rxd8 29.
Rb1 Rd7 30. Rb5 Bc4 31. Rxf5 Bb3 32. Bxe4 Bxa4 33. Nd5 Bd4 34. Nf6+ Bxf6 35. Rxf6 Rd2 36. Kg2 Bb5 37. Bxb7 Kg7 38. Rf5 Be2 39. a6 Ra2 40. h4 Ra5 41. Rxa5 1-0

[Event "Live Chess"]
[Site "Chess.com"]
[Date "2023.05.21"]
[Round "-"]
[White "WelshTiger"]
[Black "alanmike75"]
[Result "1-0"]
[WhiteElo "2360"]
[BlackElo "1543"]
[TimeControl "300"]
[EndTime "16:41:41 PDT"]
[Termination "WelshTiger won by resignation"]

1. e4 e5 2. Nf3 Nc6 3. d4 exd4 4. Bc4 Nf6 5. e5 d5 6. Bb5 Ne4 7. Nxd4 Bd7 8. Bxc6 bxc6 9. O-O Bc5 10. f3 Ng5 11.
Be3 Ne6 12. f4 O-O 13. f5 Nxd4 14. Bxd4 Bxd4+ 15. Qxd4 Qg5 16. h4 Qh5 17. f6 g6 18.
Nd2 c5 19. Qf4 Bc6 20. Nf3 d4 21. Ng5 Rae8 22. Rae1 h6 23. Nxf7 Rxf7 24. e6 Rxe6 25. Rxe6 Qd5 26. Re2 Kh7 27. Qe5 Qc4 28. Ref2 d3 29.
cxd3 Qxd3 30. h5 1-0

[Event "Live Chess"]
[Site "Chess.com"]
[Date "2023.05.21"]
[Round "-"]
[White "elvenstar"]
[Black "BJAW87"]
[Result "1-0"]
[WhiteElo "1565"]
[BlackElo "1436"]
[TimeControl "300"]
[EndTime "16:41:45 PDT"]
[Termination "elvenstar won by resignation"]

1. e4 c6 2. f4 d5 3. exd5 cxd5 4. d4 Nc6 5. Nf3 Bg4 6. c3 e6 7. Be2 Nge7 8. O-O Nf5 9. Ne5 Bxe2 10. Qxe2 Qb6 11.
Kh1 Bd6 12. b3 Nxe5 13. fxe5 Bc7 14. Ba3 a5 15. Nd2 a4 16. Qg4 g6 17. Qg5 axb3 18. Bc5 h6 19. Qf6 Bd8 20. Qxh8+ Kd7 21. Bxb6 1-0

[Event "Live Chess"]
[Site "Chess.com"]
[Date "2023.05.21"]
[Round "-"]
[White "Biranidun"]
[Black "domrobson"]
[Result "1-0"]
[WhiteElo "2654"]
[BlackElo "1784"]
[TimeControl "300"]
[EndTime "16:42:21 PDT"]
[Termination "Biranidun won by checkmate"]

1. e4 e5 2. Nf3 Nc6 3. Bc4 Nf6 4.
Ng5 d5 5. exd5 Na5 6. Bb5+ Bd7 7.
Qe2 Bd6 8. Nc3 O-O 9. Bxd7 Qxd7 10. d3 h6 11. Nge4 Nxe4 12. dxe4 f5 13. exf5 Rxf5 14. Ne4 Raf8 15. Bd2 b6 16. Bxa5 bxa5 17. O-O Qf7 18. c4 Rf4 19. f3 Be7 20. Rac1 Rd8 21. Rfd1 Rf8 22. c5 Qg6 23. d6 cxd6 24. cxd6 Bd8 25. Kh1 Rh4 26. d7 Qh5 27. h3 Rhf4 28. Rc8 Bb6 29. d8=Q Bxd8 30. Rdxd8 Rxd8 31. Rxd8+ Kh7 32. Qd3 Qf5 33. Rf8 Qxf8 34. Nf6+ Kh8 35. Qh7# 1-0

[Event "Live Chess"]
[Site "Chess.com"]
[Date "2023.05.21"]
[Round "-"]
[White "fso"]
[Black "birdseed45"]
[Result "0-1"]
[WhiteElo "2223"]
[BlackElo "1877"]
[TimeControl "300"]
[EndTime "16:42:22 PDT"]
[Termination "birdseed45 won by checkmate"]

1. d4 Nf6 2. c4 g6 3. Nc3 Bg7 4. e4 d6 5. Nf3 O-O 6. h3 c5 7.
d5 e6 8. Bg5 exd5 9. Nxd5 Be6 10. Bd3 Bxd5 11. cxd5 Qa5+ 12. Bd2 Qb6 13. Bc3 Nbd7 14.
O-O Rfe8 15. Re1 Ne5 16. Nxe5 dxe5 17. Qd2 h5 18. Qg5 Qd6 19. Qg3 a6 20. a4 Rac8 21.
Rad1 c4 22. Bc2 b5 23. axb5 axb5 24. f3 b4 25. Bd2 b3 26. Bb1 Qb6+ 27. Qf2 Qxf2+ 28.
Kxf2 Bf8 29. Bc3 Bc5+ 30. Kf1 Kg7 31. g3 Nd7 32. f4 f6 33. Kg2 Ra8 34. Kf3 Rab8 35.
g4 hxg4+ 36. hxg4 Rh8 37. g5 Rh3+ 38. Kg4 Rbh8 39. gxf6+ Nxf6+ 40. Kg5 R8h5# 0-1